 Dungeon Crawl Stone Soup version 0.30.1 (webtiles) character file.

Game seed: 10340869756686756664

214 Sanktem7 the Chopper (level 5, 0/42 HPs)
             Began as a Minotaur Fighter on July 13, 2023.
             Succumbed to an adder's poison
             ... on level 3 of the Dungeon.
             The game lasted 00:02:33 (1861 turns).

Sanktem7 the Chopper (Minotaur Fighter)             Turns: 1861, Time: 00:02:33

Health: 0/42       AC:  9    Str: 23    XL:     5   Next: 60%
Magic:  4/4        EV:  8    Int:  3    God:
Gold:   116        SH:  5    Dex: 15    Spells: 4/4 levels left

rFire   + . .        a - +0 war axe {axe}
rCold   . . .        c - +0 buckler
rNeg    . . .        r - +0 chain mail
rPois   .            (helmet restricted)
rElec   .            (no cloak)
rCorr   .            (no gloves)
SInv    .            (no boots)
Will    .....        (no amulet) Stlth
                     p - +6 ring of dexterity
HPRegen 0.27/turn    (no ring)
MPRegen 0.09/turn

%: no passive effects
@: lethally poisoned (0 -> -2), studying Staves
A: horns 2, retaliatory headbutt, hooves 1, dopey 1, fire resistance 1, frail 1
a: no special abilities


You were on level 3 of the Dungeon.
You visited 1 branch of the dungeon, and saw 3 of its levels.

You collected 116 gold pieces.


Innate Abilities, Weirdness & Mutations

You have a pair of horns on your head.
You reflexively headbutt those who attack you in melee.
You have large cloven feet.
You are dopey. (Int -2)
Your flesh is heat resistant. (rF+)
You are frail. (-10% HP)


   Skills:
 + Level 4.7 Fighting
 * Level 4.8 Axes
 + Level 4.7 Armour
 + Level 4.7 Shields


You had 4 spell levels left.
You didn't know any spells.
Your spell library contained the following spells:

 Spells                   Type           Power      Damage    Failure   Level
 Sandblast                Erth           0%         2d4       99%         1
 Passwall                 Tmut/Erth      0%         N/A       99%         2
 Stone Arrow              Conj/Erth      0%         3d7       100%        3

Inventory:

Hand Weapons
 a - a +0 war axe (weapon) {axe}
 e - a +3 heavy spear {polearm}
   (You found it on level 1 of the Dungeon)
 l - a +1 dagger of venom {short}
   (You took it off a goblin on level 2 of the Dungeon)
Missiles
 g - 31 stones (quivered) {throwing}
Armour
 c - a +0 buckler (worn)
 r - a +0 chain mail (worn)
   (You found it on level 2 of the Dungeon)
Jewellery
 p - a +6 ring of dexterity (left hand)
   (You found it on level 2 of the Dungeon)
Scrolls
 f - a scroll of teleportation {unknown}
 i - 2 scrolls of fog {unknown}
 j - a scroll of noise {unknown}
 m - a scroll of identify {unknown}
 n - a scroll of vulnerability {unknown}
 q - a scroll of enchant weapon {unknown}
Potions
 b - a potion of degeneration {unknown}
 d - 2 potions of might
 h - a potion of mutation {!q}
 k - a potion of resistance {unknown}
 o - a potion of brilliance {unknown}
 s - a potion of haste {unknown}

Dungeon Overview and Level Annotations

Branches:
Dungeon (3/15) Zot: 16085

Altars:
.. ♣...♣ .. ... ♣...♣ ..# P..♣♣♣...♣♣♣P.# ........P..PP.# ............# P..ggPP

..# ♣gJ)♣ P.##
♣.@g♣ ...##.
.P♣♣♣.S.♣♣♣......
..P..P......P.#
..............#
...P.PP.P.P...#
...♣♣♣P..♣♣♣..#
... ♣...♣ P.# ..
♣...♣ ..#


PPP... P.# You could see a gnoll sergeant, 3 gnolls, an adder and an endoplasm.


Message History

You see here 12 gold pieces.
A worm is nearby!
A worm is nearby!
The worm bites you but does no damage.
You hit the worm. You headbutt the worm. The worm bites you! 😕 HP[-8]
You take 8 damage, and now have 39/47 hp.
You hit the worm. You headbutt the worm! You hit the worm.
You block the worm's attack.
You hit the worm but do no damage. Your headbutt misses the worm.
You block the worm's attack. 😕 HP[+1]
You slash the worm!
You kill the worm!
No target in view!
s - a yellow potion 😎 HP[+7]
Your hp is fully restored (47).
You see here a worm corpse.
You now have 99 gold pieces (gained 12).
You now have 112 gold pieces (gained 13).
You now have 116 gold pieces (gained 4).
Key pressed, stopping explore.
There is an escape hatch in the floor here.
Key pressed, stopping explore.
You see here a quokka corpse.
Done exploring.
Done exploring.
Done exploring.
No target in view!
No target in view!
No target in view!
No target in view!
No target in view!
No target in view!
Done exploring.
Done exploring.
No target in view!
There is an escape hatch in the floor here.
You slide downwards.
The hatch slams shut behind you. 2 gnolls come into view.
The gnoll shouts!
You hear a shout!
There are monsters nearby!
A gnoll sergeant comes into view. It is wielding a +0 spear.
The gnoll sergeant shouts!
You hear a shout!
The gnoll hits the plant with a +0 halberd!
The plant begins to die.
An orc comes into view. It is wielding a +0 war axe.
An adder comes into view.
A gnoll comes into view. It is wielding a +0 spear.
A gnoll comes into view. It is wielding a +0 spear.
You hit the gnoll. You hit the plant.
The plant begins to die.
You hit the plant.
The plant begins to die.
A nearby plant withers and dies.
The gnoll hits you but does no damage. x2
You slash the gnoll!
You kill the gnoll!
You hit the plant. x2; A nearby plant withers and dies.
You block the gnoll's attack. You block the gnoll sergeant's attack.
An endoplasm comes into view.
The endoplasm quivers.
A nearby plant withers and dies. x2; The orc hits you but does no damage.
You block the gnoll's attack. The gnoll hits you with a +0 halberd.
The gnoll sergeant hits you with a +0 spear!
You see here a +0 flail {mace}. 😮 HP[-13]
You take 13 damage, and now have 34/47 hp.
MASSIVE DAMAGE!! (PAUSE)
You slash the gnoll sergeant!
You headbutt the gnoll sergeant, but do no damage.
You closely miss the gnoll. You barely miss the orc.
The orc hits you but does no damage.
The gnoll hits you from afar with a +0 spear.
The gnoll hits you with a +0 halberd. The adder bites you.
You are poisoned.
The adder poisons you! 😮 HP[-7]
You take 7 damage, and now have 27/47 hp.
You hit the gnoll sergeant. You headbutt the gnoll sergeant! You hit the adder.
You slash the orc!
You kill the orc!
You barely miss the gnoll.
You feel sick. The adder bites you but does no damage.
The gnoll hits you from afar with a +0 spear.
The gnoll hits you with a +0 halberd!
* * * LOW HITPOINT WARNING * * *
The gnoll hits you but does no damage. The gnoll sergeant closely misses you.
The adder bites you but does no damage.
The gnoll sergeant hits you with a +0 spear!
* * * LOW HITPOINT WARNING * * *
The gnoll hits you but does no damage. The gnoll hits you with a +0 halberd.
* * * LOW HITPOINT WARNING * * *
You block the gnoll's attack. 😱 HP[-26]
You take 26 damage, and now have 1/47 hp.
MASSIVE DAMAGE!! (PAUSE) Sorry, you're not good enough to have a special ability.
It was a potion of mutation.
You feel extremely strange.
You feel resistant to heat.
You feel frail.
You feel stupid.
Your feet thicken and deform.
You die...

Skill      XL: |  1  2  3  4 |
---------------+-------------+-----
Axes           | 3 4 |  4.8
Armour         | 4 |  4.7
Shields        | 4 |  4.7
Fighting       | 4 |  4.7

Action                     |  1- 3 |  4- 6 || total
---------------------------+-------+-------++-------
  Melee: War axe           |    69 |    98 ||   167
         Headbutt          |     8 |    20 ||    28
    Use: Potion            |       |     1 ||     1
 Armour: Scale mail        |    34 |    38 ||    72
         Chain mail        |       |    22 ||    22
  Dodge: Dodged            |    30 |    41 ||    71
  Block: Buckler           |    16 |    27 ||    43

Levels and vault maps discovered:
D:1:      dpeg_arrival_brainrot, layout_loops_ring,
          dreamdust_ecumenical_altar_sealed_demon, hangedman_decor_lopped
D:2:      minmay_razor_zed, layout_rooms, grunt_decor_junction, st_stairs_12,
          chequers_decorated_corner, minmay_tetromino_o4, uniq_natasha,
          uniq_robin
D:3:      gammafunk_steamed_eel, layout_basic, chequers_serial_rivers_large_b,
          kennysheep_boxes, uniq_sigmund

Notes
Turn   | Place    | Note
-------+----------+-------------------------------------------
     0 | D:1      | Sanktem7 the Minotaur Fighter began the quest for the Orb.
     0 | D:1      | Reached XP level 1. HP: 19/19 MP: 0/0
     0 | D:1      | magus.rc [v1.9.6]
   107 | D:1      | Reached XP level 2. HP: 27/27 MP: 1/1
   160 | D:1      | Reached skill level 3 in Axes
   235 | D:1      | Reached skill level 4 in Armour
   294 | D:1      | Reached skill level 4 in Shields
   294 | D:1      | Reached XP level 3. HP: 33/33 MP: 2/2
   321 | D:1      | You pick up a book of Geomancy and begin reading...
   321 | D:1      | You add the spells Sandblast, Passwall and Stone Arrow to
                  | your library.
   358 | D:1      | Reached skill level 4 in Fighting
   628 | D:1      | Found a faded altar of an unknown god.
   628 | D:1      | Noticed a hellwing
   915 | D:2      | Reached XP level 4. HP: 40/40 MP: 3/3
   949 | D:2      | Noticed Robin
   957 | D:2      | Reached skill level 4 in Axes
   966 | D:2      | HP: 8/40 [Robin/+0 spear (4)]
   969 | D:2      | Killed Robin
  1341 | D:2      | Reached XP level 5. HP: 46/47 MP: 4/4
  1676 | D:2      | Noticed Natasha
  1684 | D:2      | Killed Natasha
  1860 | D:3      | HP: 5/47 [gnoll sergeant/+0 spear (10)]
  1860 | D:3      | HP: 1/47 [gnoll/+0 halberd[a gnoll sergeant] (4)]
  1861 | D:3      | Gained mutation: Your flesh is heat resistant. (rF+)
                  | [potion of mutation]
  1861 | D:3      | Gained mutation: You are frail. (-10% HP) [potion of
                  | mutation]
  1861 | D:3      | Gained mutation: You are dopey. (Int -2) [potion of
                  | mutation]
  1861 | D:3      | Gained mutation: You have large cloven feet. [potion of
                  | mutation]
  1861 | D:3      | Succumbed to an adder's poison

Vanquished Creatures
  Natasha (D:2)
  Robin (D:2)
  2 gnolls
  4 adders (D:2)
  7 worms
  3 dart slugs (D:1)
  An orc (D:3)
  10 ball pythons
  7 endoplasms
  2 giant cockroaches
  14 goblins
  12 hobgoblins
  7 jackals (D:1)
  6 quokkas
  2 bats (D:1)
  5 frilled lizards
  7 kobolds
  A rat (D:2)
92 creatures vanquished.

Table legend:
 A = Non-vault XP
 B = Vault XP
 C = Vault XP percentage of total XP
 D = Non-vault monster count
 E = Vault monster count
 F = Vault count percentage of total count
                 A         B        C        D         E       F
            +---------+---------+-------+---------+---------+-------
      Total |     188 |     119 |  38.8 |      58 |      34 |  37.0
            +---------+---------+-------+---------+---------+-------
        D:1 |      86 |       5 |   5.5 |      37 |       1 |   2.6
        D:2 |      86 |     114 |  57.0 |      19 |      33 |  63.5
        D:3 |      16 |       0 |   0.0 |       2 |       0 |   0.0
            +---------+---------+-------+---------+---------+-------

Skill      XL: |  1  2  3  4 |
---------------+-------------+-----
Axes           | 3 4 |  4.8
Armour         | 4 |  4.7
Shields        | 4 |  4.7
Fighting       | 4 |  4.7

Action                     |  1- 3 |  4- 6 || total
---------------------------+-------+-------++-------
  Melee: War axe           |    69 |    98 ||   167
         Headbutt          |     8 |    20 ||    28
    Use: Potion            |       |     1 ||     1
 Armour: Scale mail        |    34 |    38 ||    72
         Chain mail        |       |    22 ||    22
  Dodge: Dodged            |    30 |    41 ||    71
  Block: Buckler           |    16 |    27 ||    43

Illustrated notes

Table legend:
 A = Kills in this place as a percentage of kills in the entire game.
 B = Kills by you in this place as a percentage of kills by you in the entire game.
 C = Kills by friends in this place as a percentage of kills by friends in the entire game.
 D = Other kills in this place as a percentage of other kills in the entire game.
 E = Experience gained in this place as a percentage of experience gained in the entire game.
 F = Experience gained in this place divided by the number of levels of this place that you have seen.
                   A       B       C       D       E      F
               +-------+-------+-------+-------+-------+----------------------
         Total | 100.0 | 100.0 |   N/A |   N/A | 100.0 | 102.3
       Dungeon | 100.0 | 100.0 |   N/A |   N/A | 100.0 | 102.3
               +-------+-------+-------+-------+-------+----------------------

Table legend: (Time is in decaauts)
 A = Elapsed time spent in this place.
 B = Non-inter-level travel time spent in this place.
 C = Inter-level travel time spent in this place.
 D = Time resting spent in this place.
 E = Time spent auto-exploring this place.
 F = Levels seen in this place.
 G = Mean time per level.
                   A        B        C        D        E       F      G
               +--------+--------+--------+--------+--------+-----+--------+
         Total |   1914 |   1869 |     45 |      0 |   1452 |   3 |  638.0 |
       Dungeon |   1914 |   1869 |     45 |      0 |   1452 |   3 |  638.0 |
               +--------+--------+--------+--------+--------+-----+--------+

Top non-repeatable levels by time:
     D:2: 1007 daAuts
     D:1: 896 daAuts
     D:3: 10 daAuts
